 Dungeon Crawl Stone Soup version 0.30-a0-1074-g5db6f66fbb (webtiles) character file.

Game seed: 3473698651352223051

290 themarg the Caller (level 6, -2/41 HPs)
             Began as a Merfolk Summoner on Apr 13, 2023.
             Slain by an iguana (13 damage)
             ... on level 5 of the Dungeon.
             The game lasted 00:11:25 (4739 turns).

themarg the Caller (Merfolk Summoner)               Turns: 4739, Time: 00:11:26

Health: -2/41      AC:  3    Str:  8    XL:     6   Next: 32%
Magic:  9/9        EV: 12    Int: 17    God:
Gold:   175        SH:  0    Dex: 14    Spells: 3/9 levels left

rFire   . . .      SeeInvis .    s - +0 spear
rCold   . . .      Faith    .    (no shield)
rNeg    . . .      Spirit   .    a - +0 robe
rPois   .          Reflect  .    (no helmet)
rElec   .          Rampage  .    (no cloak)
rCorr   +                        (no gloves)
Will    .....                    o - +0 pair of boots
Stlth   ++                       A - amulet of magic regeneration
HPRegen 0.26/turn                r - ring of resist corrosion
MPRegen 0.51/turn                t - ring of wizardry

@: lethally poisoned (-2 -> -9)
A: (nimble swimmer 2), mertail
a: no special abilities


You were on level 5 of the Dungeon.
You visited 1 branch of the dungeon, and saw 5 of its levels.

You collected 175 gold pieces.

Inventory:

Hand Weapons
 m - a +0 trident
 s - a +0 spear (weapon)
Missiles
 e - 2 javelins
 h - 35 stones
 l - 5 atropa-tipped darts
 z - 4 poisoned darts
Armour
 a - a +0 robe (worn)
 o - a +0 pair of boots (worn)
Magical Staves
 c - a staff of conjuration
Jewellery
 r - a ring of resist corrosion (left hand)
 t - a ring of wizardry (right hand)
 A - an amulet of magic regeneration (around neck)
Wands
 y - a wand of quicksilver (6)
Scrolls
 d - a scroll of teleportation {unknown}
 f - a scroll of amnesia {unknown}
 i - a scroll of enchant weapon {unknown}
 j - 2 scrolls of magic mapping
 n - a scroll of immolation {unknown}
 p - 2 scrolls of fear {unknown}
 q - a scroll of torment {unknown}
 u - 3 scrolls of noise {unknown}
 w - a scroll of identify
Potions
 b - a potion of magic
 g - 2 potions of haste
 k - a potion of flight {unknown}
 v - 2 potions of curing
 x - 2 potions of might {unknown}


   Skills:
 - Level 2.6 Dodging
 - Level 3.0 Stealth
 - Level 2.0 Spellcasting
 + Level 7.2 Summonings


You had 3 spell levels left.
You knew the following spells:

 Your Spells              Type           Power      Damage    Failure   Level
a - Summon Small Mammal   Summ           100%       N/A       1%          1
b - Call Imp              Summ           52%        N/A       1%          2
c - Call Canine Familiar  Summ           26%        N/A       1%          3

Your spell library contained the following spells:

 Spells                   Type           Power      Damage    Failure   Level
 Summon Guardian Golem    Hex/Summ       13%        N/A       5%          3
 Freeze                   Ice            4%         1d3       8%          1
 Slow                     Hex            4%         N/A       8%          1
 Confusing Touch          Hex            1%         N/A       22%         3
 Dazzling Flash           Conj/Hex       2%         N/A       22%         3
 Frozen Ramparts          Ice            2%         1d1       22%         3
 Hailstorm                Conj/Ice       1%         3d3       22%         3
 Vampiric Draining        Necr           1%         2d6       22%         3
 Volatile Blastmotes      Fire/Tloc      2%         2d10      22%         3
 Summon Lightning Spire   Summ/Air       13%        N/A       17%         4
 Iskenderun's Mystic Bla  Conj/Tloc      1%         2d3       56%         4
 Starburst                Conj/Fire      0%         6d3       100%        6


Dungeon Overview and Level Annotations

Branches:
Dungeon (5/15)
 Temple: D:4-7

Altars:
Cheibriados

Shops:
D:5 *


Innate Abilities, Weirdness & Mutations

((You are very nimble when in or above water. (Stealth+, EV+, Speed+++)))
Your lower body shifts to a powerful aquatic tail in water.


Message History

Magic restored.
Your hound disappears in a puff of smoke!
There is a stone staircase leading up here.
There is a stone staircase leading down here.
You climb downwards.
You hear the sound of rushing water.
There is an entrance to a sewer on this level.
Hurry and find it before the portal rusts away!
You hear the slow rusting of a drain nearby.
Found Hiazomu's Assorted Antiques.
Found a stone staircase leading up.
There is a stone staircase leading up here.
The killer bee stings you! The killer bee barely misses you.
You climb upwards.
There is a stone staircase leading down here.
You start resting.
HP restored.
You climb downwards.
You hear the sound of rushing water.
There is an entrance to a sewer on this level.
Hurry and find it before the portal rusts away!
The white imp shouts!
You hear an angry hiss.
The killer bee barely misses you. The killer bee stings you.
The killer bee stings you but does no damage.
The killer bee stings you! x2
You are poisoned.
The killer bee poisons you! The killer bee barely misses you.
The killer bee stings you but does no damage.
The killer bee barely misses you.
An iguana comes into view.
The killer bee barely misses you. x3; The killer bee closely misses you.
There is a stone staircase leading up, spattered with blood here.
You feel very sick. The killer bee closely misses you.
The killer bee completely misses you. The killer bee stings you.
* * * LOW HITPOINT WARNING * * *
The killer bee barely misses you.
The white imp shouts, "Back with thee, thou peaked dread-bolted erk!"
The killer bee stings you.
* * * LOW HITPOINT WARNING * * *
The killer bee closely misses you. The killer bee barely misses you.
The iguana bites you!
You die...

*,,,,,,,,,* *,** **.......,***,,*
###l......,**,,,**
#........,,,,,,,,*
#.5...∩.,**,,,,,,**
###.....#*,***,,,,,,,
#**###.......#*>,**,,,,,,,
##.*#.....yy..##..**,,,,,,,
#...##....@......#**,,,,,,,
#....<...lyy.....#*,,*,,,,*
##........#......#*,,,>,,,,
#..#......#......#*,,,,,,,, **
##,.............<#*,,,,,,,, ,*
****,..........###...,,,*,****
,***,,,....#......#,,..#*,**,**,,
,,,,,,....##.......,,,.#*,,*,,,,,
,,,,,.#...,,.......,,****,,,,****


You could see 2 iguanas, 4 killer bees and a white imp.

Vanquished Creatures
  A hound (D:3)
  An adder (D:2)
  An orc (D:3)
  A ball python (D:3)
  A goblin (D:2)
  4 hobgoblins
  3 jackals
  A kobold (D:4)
  A bat (D:1)
  2 rats
16 creatures vanquished.

Vanquished Creatures (collateral kills)
  An orc priest (D:3)
  An iguana (D:3)
  An orc wizard (D:3)
  4 gnolls (D:2)
  4 adders
  A worm (D:4)
  A dart slug (D:4)
  14 ball pythons
  8 endoplasms
  A giant cockroach (D:4)
  6 goblins
  6 hobgoblins
  8 jackals
  A quokka (D:3)
  3 bats
  3 frilled lizards
  4 kobolds
  4 rats
71 creatures vanquished.

Grand Total: 87 creatures vanquished

Notes
Turn   | Place    | Note
-------+----------+-------------------------------------------
     0 | D:1      | themarg the Merfolk Summoner began the quest for the Orb.
     0 | D:1      | Reached XP level 1. HP: 13/13 MP: 3/3
   208 | D:1      | Reached XP level 2. HP: 18/19 MP: 1/5
   211 | D:1      | Learned a level 2 spell: Call Imp
   747 | D:1      | Reached XP level 3. HP: 24/24 MP: 3/6
  1487 | D:1      | Learned a level 3 spell: Call Canine Familiar
  1712 | D:2      | Reached skill level 5 in Summonings
  2065 | D:2      | Reached XP level 4. HP: 26/30 MP: 1/7
  2759 | D:3      | Reached XP level 5. HP: 35/35 MP: 5/8
  2942 | D:3      | Reached skill level 6 in Summonings
  3146 | D:3      | Reached XP level 6. HP: 11/41 MP: 1/9
  3515 | D:3      | Found a snail-covered altar of Cheibriados.
  3919 | D:4      | Reached skill level 7 in Summonings
  4629 | D:5      | Entered Level 5 of the Dungeon
  4692 | D:5      | Found Hiazomu's Assorted Antiques.
  4739 | D:5      | Slain by an iguana

Illustrated notes

Levels and vault maps discovered:
D:1:      saegor_arrival_simple_d, layout_basic, minmay_tiny_reverse_x
D:2:      layout_rooms
D:3:      layout_loops_corners, lemuel_doored_altar, minmay_fountain_box,
          minmay_misc_feat_secret_circle
D:4:      layout_loops_ring, chequers_serial_rivers_marsh,
          kennysheep_generic_room_6
D:5:      layout_cave_pools, serial_shops, shop, gup_sewer_entry_spiral

Skill      XL: |  1  2  3  4  5  6 |
---------------+-------------------+-----
Stealth        | 3 |  3.0
Summonings     | 5 6 7 |  7.2
Dodging        | |  2.6
Spellcasting   | |  2.0

Action                     |  1- 3 |  4- 6 || total
---------------------------+-------+-------++-------
  Melee: Staff             |    34 |       ||    34
         Unarmed           |     1 |       ||     1
         Short sword       |     6 |     6 ||    12
         Punch             |       |     1 ||     1
         Spear             |       |    46 ||    46
   Cast: Summon Small Mamm |    55 |    21 ||    76
         Call Imp          |    21 |    19 ||    40
         Call Canine Famil |     1 |    18 ||    19
    Use: Scroll            |       |     4 ||     4
   Stab: Sleeping          |       |     1 ||     1
 Armour: Robe              |    11 |     5 ||    16
  Dodge: Dodged            |    44 |    36 ||    80

Table legend: (Time is in decaauts)
 A = Elapsed time spent in this place.
 B = Non-inter-level travel time spent in this place.
 C = Inter-level travel time spent in this place.
 D = Time resting spent in this place.
 E = Time spent auto-exploring this place.
 F = Levels seen in this place.
 G = Mean time per level.
                   A        B        C        D        E       F      G
               +--------+--------+--------+--------+--------+-----+--------+
         Total |   4747 |   4582 |    165 |     99 |   3692 |   5 |  949.4 |
       Dungeon |   4747 |   4582 |    165 |     99 |   3692 |   5 |  949.4 |
               +--------+--------+--------+--------+--------+-----+--------+

Top non-repeatable levels by time:
     D:1: 1552 daAuts
     D:3: 1242 daAuts
     D:2: 1061 daAuts
     D:4: 880 daAuts
     D:5: 9 daAuts
